 Dungeon Crawl Stone Soup version 0.20.0-10-g0535bb4 (webtiles) character file.

235 Peloso the Covered (level 5, 0/47 HPs)
             Began as a Minotaur Fighter on June 4, 2017.
             Slain by an orc
             ... wielding a +0 flail
              (7 damage)
             ... on level 3 of the Dungeon.
             The game lasted 00:04:39 (2388 turns).

Peloso the Covered (Minotaur Fighter)               Turns: 2388, Time: 00:04:40

Health: 0/47       AC:  7    Str: 20    XL:     5   Next: 76%
Magic:  4/4        EV:  7    Int:  7    God:
Gold:   69         SH:  9    Dex: 11    Spells: 4/4 levels left

rFire    . . .     SeeInvis .   a - +0 long sword
rCold    . . .     Gourm    +   c - +0 shield
rNeg     . . .     Faith    .   b - +0 scale mail
rPois    .         Spirit   .   (helmet restricted)
rElec    .         Reflect  .   (no cloak)
rCorr    .         Harm     .   (no gloves)
MR       .....                  (no boots)
Stlth    ..........             k - amulet of the gourmand
Regen    0.2/turn               o - +2 ring of intelligence
MPRegen  0.1/turn               (no ring)

@: no status effects
A: retaliatory headbutt, horns 2
a: no special abilities


You were on level 3 of the Dungeon.
You were completely stuffed.

You visited 1 branch of the dungeon, and saw 3 of its levels.

You collected 69 gold pieces.

Inventory:

Hand Weapons
 a - a +0 long sword (weapon)
Armour
 b - a +0 scale mail (worn)
 c - a +0 shield (worn)
Jewellery
 k - an amulet of the gourmand (around neck)
 o - a +2 ring of intelligence (left hand)
Scrolls
 e - 2 scrolls of teleportation {unknown}
 i - a scroll of blinking {unknown}
 j - a scroll of recharging {unknown}
 n - 3 scrolls of identify {unknown}
 p - a scroll of enchant weapon {unknown}
 r - a scroll of remove curse {unknown}
Potions
 d - 2 potions of might
 l - a potion of haste {unknown}
 m - a potion of degeneration {unknown}
 s - a potion of berserk rage {unknown}
Comestibles
 f - 2 bread rations
 g - 2 royal jellies
 h - a meat ration
 q - a chunk of flesh


   Skills:
 + Level 4.5 Fighting
 + Level 4.5 Long Blades
 + Level 5.4 Armour
 + Level 0.4 Dodging
 + Level 0.1 Stealth
 + Level 4.5 Shields


You had 4 spell levels left.
You didn't know any spells.

Dungeon Overview and Level Annotations

Branches:
Dungeon (3/15)

Altars:


Innate Abilities, Weirdness & Mutations

You reflexively headbutt those who attack you in melee.
You have a pair of horns on your head.


Message History

You barely miss the hobgoblin.
The hobgoblin hits you but does no damage.
You hit the hobgoblin.
You kill the hobgoblin!
You hit the orc. You headbutt the orc, but do no damage.
The orc is lightly wounded.
The orc hits you with a flail.
You hit the orc but do no damage.
The orc is lightly wounded.
The orc hits you with a flail.
* * * LOW HITPOINT WARNING * * *
Your shield and scale mail prevent you from hitting the orc.
The orc is lightly wounded.
The orc hits you but does no damage.
You hit the orc.
The orc is moderately wounded.
The orc hits you with a flail.
* * * LOW HITPOINT WARNING * * *
The orc hits you with a flail!
You die...

########.#.#.#.....#########.#...
.......†..................÷..'...
........#.....##.#........##.#...
........#........#...........#...
........#..#..#..#.######.#######
........#..#..##.#.# ....
..####+##..#..##.#.# ...... #
##.#..##o#.# ...... #....##@#.#
.....[ .....##.# ##.>.##.# #.#
#.# ... #.. ###


You could see an orc.

Vanquished Creatures
  An orc wizard (D:3)
  Robin (D:2)
  6 adders
  8 gnolls
  3 worms (D:2)
  2 leopard geckos (D:2)
  3 orcs (D:3)
  9 goblins
  8 hobgoblins
  3 jackals (D:1)
  2 quokkas (D:2)
  8 bats
  A frilled lizard (D:1)
  6 kobolds
  A rat (D:1)
62 creatures vanquished.

Notes
Turn   | Place    | Note
-------+----------+-------------------------------------------
     0 | D:1      | Peloso the Minotaur Fighter began the quest for the Orb.
     0 | D:1      | Reached XP level 1. HP: 19/19 MP: 0/0
   428 | D:1      | Reached skill level 4 in Armour
   428 | D:1      | Reached XP level 2. HP: 10/27 MP: 1/1
  1084 | D:2      | Reached XP level 3. HP: 27/33 MP: 2/2
  1114 | D:2      | Noticed Robin
  1275 | D:2      | Killed Robin
  1496 | D:2      | Reached XP level 4. HP: 40/40 MP: 3/3
  1557 | D:2      | Found a faded altar of an unknown god.
  1800 | D:2      | HP: 2/40 [gnoll/stone (3)]
  1802 | D:2      | Reached skill level 5 in Armour
  1802 | D:2      | Reached XP level 5. HP: 2/46 MP: 4/4
  2388 | D:3      | Slain by an orc

Skill      XL: |  1  2  3  4  5 |
---------------+----------------+-----
Armour         | 4 5 |  5.4
Fighting       | 4 |  4.5
Shields        | 4 |  4.5
Long Blades    | 3 4 |  4.5
Dodging        | |  0.4
Stealth        | |  0.1

Action                   |  1- 3 |  4- 6 || total
-------------------------+-------+-------++-------
Melee: Long sword        |    67 |    97 ||   164
       Headbutt          |    10 |    25 ||    35
  Eat: Chunk             |    10 |     4 ||    14
Armor: Scale mail        |    34 |    48 ||    82
Dodge: Dodged            |    38 |    23 ||    61
Block: Shield            |    49 |    50 ||    99
       Rpst.: Long sword |     8 |     9 ||    17
